 Dungeon Crawl Stone Soup version 0.28-a0-1033-g1a2f33fa85 (webtiles) character file.

Game seed: 16298648191144793046

3659 sanka the Basher (level 9, -2/73 HPs)
             Began as a Palentonga Abyssal Knight on Dec 7, 2021.
             Was a Priest of Lugonu.
             Succumbed to a kobold brigand's curare-tipped dart
             ... on level 9 of the Dungeon.
             The game lasted 00:16:40 (11142 turns).

sanka the Basher (Palentonga Abyssal Knight)       Turns: 11142, Time: 00:16:41

Health: -2/73      AC: 13    Str: 19    XL:     9   Next: 89%
Magic:  15/15      EV: 11    Int: 11    God:    Lugonu [***...]
Gold:   475        SH:  6    Dex: 12    Spells: 8/8 levels left

rFire   + . .      SeeInvis +   a - +1 flail (vorpal)
rCold   . . .      Faith    .   y - +2 buckler
rNeg    . . .      Spirit   .   C - +1 scale mail {rF+}
rPois   .          Reflect  .   f - +0 helmet
rElec   .          Harm     .   r - +0 cloak
rCorr   .          Rampage  .   (no gloves)
Will    .....                   (no barding)
Stlth   ..........              (no amulet)
HPRegen 0.22/turn               z - +4 ring of protection
MPRegen 0.14/turn               s - +4 ring of evasion

@: lethally poisoned (-2 -> -26), slowed, very slow
A: large, rugged brown scales 3, see invisible, deformed body, roll 1, armoured
tail, reflexive curl
a: Rolling Charge, Renounce Religion, Depart the Abyss, Bend Space, Banish


You were on level 9 of the Dungeon.
You worshipped Lugonu.
Lugonu was most pleased with you.
You visited 1 branch of the dungeon, and saw 9 of its levels.
You visited the Abyss 1 time.

You collected 475 gold pieces.


Innate Abilities, Weirdness & Mutations

You are completely covered in rugged brown scales. (AC +3, +7% HP)
You have supernaturally acute eyesight. (SInv)
Armour fits poorly on your strangely shaped body.
You can roll at nearby foes to attack.
You have a long armoured tail.
You curl defensively after being hit. (AC +7*)


   Skills:
 - Level 6.0 Fighting
 + Level 10.9 Maces & Flails
 - Level 1.5 Armour
 - Level 0.7 Dodging
 - Level 2.4 Shields
 - Level 8.0 Invocations


You had 8 spell levels left.
You didn't know any spells.
Your spell library contained the following spells:

 Spells                   Type           Power      Damage    Failure   Level
 Animate Skeleton         Necr           0%         N/A       73%         1
 Pain                     Necr           0%         1d4       73%         1
 Vampiric Draining        Necr           0%         2d6       97%         3
 Hailstorm                Conj/Ice       0%         3d3       100%        4
 Ice Form                 Ice/Tmut       0%         N/A       100%        4
 Simulacrum               Ice/Necr       0%         N/A       100%        6

Inventory:

Hand Weapons
 a - a +1 vorpal flail (weapon)
 w - a +0 morningstar
 D - a +0 dagger of venom
Armour
 f - a +0 helmet (worn)
 r - a +0 cloak (worn)
 y - a +2 buckler (worn)
 C - a +1 scale mail of fire resistance (worn)
Jewellery
 e - a ring of ice
 s - a +4 ring of evasion (right hand)
 t - a ring of flight
 z - a +4 ring of protection (left hand)
Wands
 v - a wand of flame (15)
 A - a wand of iceblast (9)
 F - a wand of polymorph (6)
Scrolls
 d - 2 scrolls of immolation {!r}
 h - a scroll of fear
 j - 2 scrolls of enchant weapon
 m - 4 scrolls of teleportation {@r4}
 n - a scroll of fog
 x - a scroll of magic mapping
 E - a scroll of blinking
 H - a scroll of torment {!r}
Potions
 b - 2 potions of haste {@q3}
 c - 2 potions of lignification {unknown}
 g - 2 potions of mutation {unknown}
 i - 2 potions of heal wounds {unknown}
 k - 2 potions of attraction {unknown}
 l - 2 potions of flight {unknown}
 o - a potion of berserk rage {unknown}
 p - a potion of brilliance {unknown}
 q - a potion of magic {unknown}
 u - 4 potions of curing {unknown}
 B - a potion of ambrosia {unknown}
 I - a potion of degeneration {unknown}

Dungeon Overview and Level Annotations

Branches:
Dungeon (9/15)             Temple (0/1) D:7
   Lair: D:8-11         Orc: D:9-12

Altars:

Shops:
D:7

= .. ▒▒▒▒.
....
▒..▒▒▒▒▒▒▒
▒........▒▒
▒...<.....▒▒
+..........▒
▒£.....<...▒
▒....H.....▒
▒..K.......▒
▒▒....▒▒▒▒▒▒
▒▒.).▒ ▒▒..▒
▒.K▒ ▒K.▒
'..▒ ▒..▒


You could see 2 kobold brigands and a kobold.


Message History

You hear a shout!
You block the kobold brigand's attack.
You barely miss the kobold brigand.
The kobold brigand is heavily wounded.
You feel sick. You block the kobold brigand's attack.
Unknown command.
You hit the kobold brigand.
The kobold brigand is severely wounded.
You feel sick.
The kobold brigand throws a curare-tipped dart.
The curare-tipped dart hits you.
You are more poisoned.
You have difficulty breathing.
* * * LOW HITPOINT WARNING * * *
You feel as though you will be slow longer.
The kobold throws a stone.
The stone barely misses you. The kobold brigand misses you.
Unknown command.
You feel very sick.
The kobold brigand throws a curare-tipped dart.
The curare-tipped dart hits you.
You are lethally poisoned!
You have difficulty breathing.
* * * LOW HITPOINT WARNING * * *
You feel as though you will be slow longer.
The kobold brigand hits you with a +0 short sword.
* * * LOW HITPOINT WARNING * * *
You die...

Action                   |  1- 3 |  4- 6 |  7- 9 || total
-------------------------+-------+-------+-------++-------
Melee: Mace              |    85 |    97 |       ||   182
       Tailslap          |    12 |    13 |    45 ||    70
       Flail             |       |    46 |   400 ||   446
Invok: Depart the Abyss  |     1 |       |       ||     1
       Banish            |       |       |     1 ||     1
 Abil: Rolling Charge    |     1 |     4 |     8 ||    13
  Use: Scroll            |       |       |     9 ||     9
Armor: Leather armour    |    44 |    38 |    16 ||    98
       Scale mail        |       |       |   103 ||   103
Dodge: Dodged            |    62 |    72 |   183 ||   317
Block: Buckler           |       |     1 |    96 ||    97

Levels and vault maps discovered:
D:1:      dpeg_arrival_chambers_temple_mockup, layout_loops_ring,
          ebering_ecumenical_altar_hall, minivault_5, serial_bayou_crossing
D:2:      layout_rooms, uniq_sigmund, uniq_robin
D:3:      minmay_evil_eye, layout_basic
D:4:      layout_layer_cave, hangedman_abyss_or_decor_stagger
D:5:      layout_cave_pods, uniq_ijyb
D:6:      layout_basic, minmay_misc_feat_chi
D:7:      layout_basic, minmay_temple_entry_proselytizer,
          nicolae_shop_unique_rings, minmay_between, uniq_crazy_yiuf_cottage
D:8:      layout_loops_ring
D:9:      minmay_the_grid_octo_tiled_squarecenter [minmay_the_grid_octo_chip,
          minmay_the_grid_octo_odd_swirl, minmay_the_grid_octo_toaster,
          minmay_the_grid_octo_pinwheel,
          minmay_the_grid_square_5x5_megaprize_hollow,
          minmay_the_grid_square_5x5_corner,
          minmay_the_grid_square_5x5_beaten_path, minmay_the_grid_square_5x5_n,
          minmay_the_grid_square_5x5_pentomino_r], layout_rooms, special_room
          [special_room_kobold]

Notes
Turn   | Place    | Note
-------+----------+-------------------------------------------
     0 | Abyss:1  | sanka the Palentonga Abyssal Knight began the quest for the
                  | Orb.
     0 | Abyss:1  | Reached XP level 1. HP: 19/19 MP: 2/2
   145 | Abyss:1  | Noticed a sixfirhy
   148 | D:1      | Escaped the Abyss
   269 | D:1      | Reached * piety under Lugonu
   385 | D:1      | Reached XP level 2. HP: 20/25 MP: 3/3
   474 | D:1      | Reached skill level 3 in Maces & Flails
  1073 | D:1      | Reached XP level 3. HP: 30/31 MP: 4/4
  1176 | D:1      | Found a faded altar of an unknown god.
  1339 | D:2      | Noticed Sigmund
  1415 | D:2      | Noticed Robin
  1638 | D:1      | Reached skill level 4 in Maces & Flails
  1642 | D:1      | Reached ** piety under Lugonu
  1978 | D:1      | Killed Robin
  1979 | D:1      | Reached XP level 4. HP: 20/37 MP: 5/5
  2634 | D:2      | Killed Sigmund
  2635 | D:2      | Reached skill level 6 in Maces & Flails
  2635 | D:2      | Reached XP level 5. HP: 43/43 MP: 6/6
  3203 | D:3      | Reached XP level 6. HP: 34/50 MP: 7/7
  5099 | D:4      | Reached skill level 7 in Maces & Flails
  5312 | D:5      | Entered Level 5 of the Dungeon
  5477 | D:5      | Reached skill level 1 in Shields
  5494 | D:5      | Gained mutation: You curl defensively after being hit. (AC
                  | +7*) [Palentonga growth]
  5494 | D:5      | Reached XP level 7. HP: 42/55 MP: 8/8
  5624 | D:5      | Reached *** piety under Lugonu
  5625 | D:5      | Reached skill level 2 in Shields
  5924 | D:5      | Reached skill level 8 in Maces & Flails
  6073 | D:5      | You are sucked into a shaft and drop 3 floors!
  6257 | D:8      | Reached skill level 3 in Invocations
  6411 | D:7      | Reached skill level 4 in Invocations
  6743 | D:5      | Reached XP level 8. HP: 62/62 MP: 11/11
  6787 | D:5      | Reached skill level 5 in Invocations
  6982 | D:5      | Noticed Ijyb
  7004 | D:5      | Killed Ijyb
  7170 | D:6      | Reached skill level 6 in Invocations
  7781 | D:7      | Reached skill level 7 in Invocations
  7937 | D:7      | Reached skill level 8 in Invocations
  8005 | D:7      | Reached skill level 4 in Fighting
  8233 | D:7      | Reached skill level 5 in Fighting
  8239 | D:7      | Reached XP level 9. HP: 44/72 MP: 15/15
  8518 | D:7      | Reached skill level 6 in Fighting
  8717 | D:7      | Found a staircase to the Ecumenical Temple.
  8769 | D:7      | Found Jigegatin's One-of-a-Kind Rings.
  8813 | D:7      | Found a runed translucent door.
  8813 | D:7      | Noticed Crazy Yiuf
  8872 | D:7      | Reached **** piety under Lugonu
  9185 | D:7      | Killed Crazy Yiuf
  9186 | D:7      | Reached skill level 9 in Maces & Flails
 10622 | D:8      | Reached skill level 10 in Maces & Flails
 10668 | D:9      | Noticed a kobold demonologist
 10832 | D:8      | Killed a kobold demonologist
 11141 | D:9      | HP: 6/73 [kobold brigand (4)]
 11142 | D:9      | Succumbed to a kobold brigand's curare-tipped dart

Vanquished Creatures
  A kobold demonologist (D:8)
  Sigmund (D:2)
  A wraith (D:8)
  A yak (D:7)
  A sky beast (D:7)
  A black bear (D:5)
  4 orc warriors
  An ice beast (D:7)
  A necrophage (D:8)
  2 centaurs (D:7)
  A phantom (D:5)
  2 kobold brigands
  A bullfrog (D:8)
  2 water moccasin zombies
  2 scorpions
  A water moccasin skeleton (D:5)
  3 killer bees (D:8)
  5 wights (D:7)
  4 howler monkeys
  2 centaur zombies
  5 hounds (D:5)
  4 jellies
  Crazy Yiuf (D:7)
  4 orc priests
  5 orc wizards
  Ijyb (D:5)
  A hound skeleton (D:2)
  2 hound zombies (D:5)
  A howler monkey zombie (D:9)
  Robin (D:1)
  4 adders
  4 gnolls (D:6)
  A howler monkey skeleton (D:5)
  A shadow imp (D:3)
  3 white imps
  An adder skeleton (D:2)
  A worm (D:3)
  4 dart slugs
  26 orcs
  9 ball pythons
  5 bats
  13 endoplasms
  A giant cockroach (D:1)
  14 goblins
  8 hobgoblins
  10 jackals
  2 quokkas
  2 frilled lizards
  5 kobolds
  3 rats
179 creatures vanquished.
